 Dungeon Crawl Stone Soup version 0.31-a0-37-g98a128e1d9 (webtiles) character file.

Game seed: 10132989078224306266

2945 g2d2rocker the Carver (level 9, -14/81 HPs)
             Began as a Minotaur Berserker on May 14, 2023.
             Was an Elder of Trog.
             Demolished by an ogre
             ... wielding a +0 giant club
              (20 damage)
             ... on level 7 of the Dungeon.
             The game lasted 00:28:49 (6623 turns).

g2d2rocker the Carver (Minotaur Berserker)          Turns: 6623, Time: 00:28:50

Health: -14/81     AC:  3    Str: 26      XL:     9   Next: 51%
Magic:  8/8        EV: 10    Int:  4      God:    Trog [****..]
Gold:   385        SH:  0    Dex:  9 (10) Spells: 8/8 levels left

rFire   . . .        L - +1 long sword (holy)
rCold   . . .        (no shield)
rNeg    + . .        z - +0 chain mail
rPois   .            (helmet restricted)
rElec   .            (no cloak)
rCorr   .            (no gloves)
SInv    .            (no boots)
Will    .....        (no amulet) Stlth
                     N - ring of positive energy
HPRegen 0.33/turn    U - +4 ring of slaying
MPRegen 0.11/turn

%: no passive effects
@: corroded
A: horns 2, retaliatory headbutt
a: Renounce Religion, Berserk, Trog's Hand, Brothers in Arms


You were on level 7 of the Dungeon.
You worshipped Trog.
Trog was greatly pleased with you.
You visited 1 branch of the dungeon, and saw 7 of its levels.
You also visited: Sewer.

You collected 385 gold pieces.

Inventory:

Hand Weapons
 a - a +0 falchion
 d - a +1 flail of protection
 s - a +0 flail
 v - a +2 halberd of protection
 w - a +0 hand axe
 B - a +0 dagger of draining
 C - a +2 vampiric short sword
 L - a +1 long sword of holy wrath (weapon)
 R - a +2 falchion
 S - a +0 great sword
 T - a +4 morningstar
Missiles
 p - 4 atropa-tipped darts (quivered)
 D - a curare-tipped dart
Armour
 j - a +2 robe of fire resistance
 q - a +0 ring mail
 y - an orb of energy
 z - a +0 chain mail (worn)
 Q - a +0 chain mail
 V - a +0 scale mail
Magical Staves
 x - a staff of air
Jewellery
 I - a ring of resist corrosion
 N - a ring of positive energy (left hand)
 P - a ring of see invisible
 U - a +4 ring of slaying (right hand)
Scrolls
 c - 6 scrolls of teleportation {unknown}
 e - 10 scrolls of identify {unknown}
 f - 3 scrolls of amnesia {unknown}
 g - a scroll of brand weapon {unknown}
 h - 6 scrolls of noise {unknown}
 k - 2 scrolls of silence {unknown}
 o - 2 scrolls of fear {unknown}
 t - 2 scrolls of fog {unknown}
 u - a scroll of enchant weapon {unknown}
 A - 2 scrolls of poison {unknown}
 H - 2 scrolls of magic mapping {unknown}
 J - 2 scrolls of enchant armour {unknown}
Potions
 b - 2 potions of flight {unknown}
 i - a potion of heal wounds {unknown}
 l - 3 potions of curing {unknown}
 m - 4 potions of mutation {unknown}
 n - 4 potions of attraction {unknown}
 r - 2 potions of magic {unknown}
 E - 3 potions of brilliance {unknown}
 F - a potion of haste {unknown}
 G - a potion of cancellation {unknown}
 M - a potion of ambrosia {unknown}
 O - a potion of might {unknown}


   Skills:
 + Level 8.2 Fighting
 + Level 10.6 Long Blades
 + Level 8.9 Armour
 + Level 4.8 Dodging
 + Level 1.0 Stealth


You had 8 spell levels left.
You didn't know any spells.
Your spell library was empty.

Dungeon Overview and Level Annotations

Branches:
Dungeon (7/15)             Temple (0/1) D:5           Sewer (visited)

Altars:
Nemelex Xobeh
Okawaru
Qazlal
Ru
Trog
Uskayaw
The Shining One

Shops:
D:7 :


Innate Abilities, Weirdness & Mutations

You have a pair of horns on your head.
You reflexively headbutt those who attack you in melee.


Message History

You slash the jelly! The acid corrodes you!
Your hands burn!
The jelly is almost dead.
The jelly hits you but does no damage.
You hit the jelly but do no damage. The acid corrodes you!
Your hands burn!
The jelly is almost dead.
The jelly misses you.
You slash the jelly!
You kill the jelly!
Trog accepts your kill.
You hit the white imp but do no damage. You headbutt the white imp!
The white imp is severely wounded.
You hit the white imp.
You kill the white imp!
Trog accepts your kill. The ogre closely misses you.
A white imp comes into view.
You see here a ring of poison resistance.
The white imp shouts!
You hit the ogre. You headbutt the ogre.
The ogre is moderately wounded.
You hit the ogre. Your headbutt misses the ogre.
The ogre is moderately wounded.
The ogre hits you with a +0 giant club!
* * * LOW HITPOINT WARNING * * *
You completely miss the ogre.
The ogre is moderately wounded.
You hit the ogre but do no damage. You headbutt the ogre.
The ogre is heavily wounded.
The ogre hits you with a +0 giant club!
* * * LOW HITPOINT WARNING * * *
You hit the ogre but do no damage. You headbutt the ogre.
The ogre is heavily wounded.
You hit the ogre but do no damage.
The ogre is heavily wounded.
The ogre hits you with a +0 giant club!
* * * LOW HITPOINT WARNING * * *
You hit the ogre. You headbutt the ogre.
The ogre is severely wounded.
The ogre hits you with a +0 giant club!!
You die...

## . ..######## . .. ##.........
.. #..##......... ..
#.##.......... .. ##.............
##..##.5..$..... #......@........
#.#####.O....... #.#####.........
#.. #.##∩##..........#...
#)##.##..........#...
#.#...#.#...####.#!.#### ####
#.......#...####....##..
...#############................#
....§...###### ##...............#


You could see an ogre and a white imp.

Vanquished Creatures
  A deep elf zephyrmancer (D:6)
  A cyclops (D:6)
  A wyvern (D:5)
  Eustachio (D:6)
  Menkaure (D:7)
  Edmund (D:6)
  2 water moccasins (D:6)
  A black bear (D:5)
  An ogre (D:7)
  A centaur (D:6)
  2 kobold brigands (Sewer)
  A scorpion (D:6)
  4 wights (D:6)
  2 quasits (D:7)
  An orc priest (D:7)
  4 hounds
  An iguana (D:4)
  2 jellies
  2 sleepcaps
  Jessica (D:2)
  3 orc wizards (D:7)
  4 gnolls (D:3)
  8 adders
  4 shadow imps
  7 white imps
  5 ufetubi
  A worm (D:4)
  4 dart slugs
  10 orcs
  8 endoplasms
  5 giant cockroaches
  7 goblins
  6 hobgoblins
  3 jackals (D:1)
  4 quokkas
  4 ball pythons
  11 bats
  3 frilled lizards
  26 kobolds
  10 rats
164 creatures vanquished.

Notes
Turn   | Place    | Note
-------+----------+-------------------------------------------
     0 | D:1      | g2d2rocker the Minotaur Berserker began the quest for the
                  | Orb.
     0 | D:1      | Reached XP level 1. HP: 19/19 MP: 0/0
   271 | D:1      | Reached XP level 2. HP: 27/27 MP: 1/1
   278 | D:1      | Reached skill level 4 in Long Blades
   347 | D:1      | Reached ** piety under Trog
   523 | D:1      | Reached XP level 3. HP: 33/34 MP: 2/2
   946 | D:2      | Noticed Jessica
   969 | D:2      | Killed Jessica
   970 | D:2      | Reached XP level 4. HP: 16/41 MP: 3/3
  1671 | D:3      | Reached skill level 5 in Long Blades
  1672 | D:3      | Reached skill level 5 in Fighting
  1758 | D:3      | Reached *** piety under Trog
  1759 | D:3      | Reached XP level 5. HP: 43/48 MP: 4/4
  1847 | D:3      | Found a bloodstained altar of Trog.
  1848 | D:3      | Found an iron altar of Okawaru.
  2571 | D:4      | Found a sparkling altar of Nemelex Xobeh.
  2571 | D:4      | Found a stormy altar of Qazlal.
  2684 | D:4      | Found a glowing drain.
  2697 | Sewer    | Entered a sewer
  2740 | Sewer    | Reached XP level 6. HP: 41/55 MP: 5/5
  2768 | Sewer    | Reached skill level 6 in Long Blades
  3001 | D:4      | Found a sacrificial altar of Ru.
  3799 | D:5      | Entered Level 5 of the Dungeon
  3799 | D:5      | Found a staircase to the Ecumenical Temple.
  4097 | D:5      | Reached XP level 7. HP: 60/62 MP: 6/6
  4461 | D:5      | Noticed a wyvern
  4470 | D:5      | Killed a wyvern
  4471 | D:5      | Reached skill level 5 in Armour
  4695 | D:6      | Noticed Eustachio
  4701 | D:6      | Reached skill level 7 in Long Blades
  4722 | D:6      | Killed Eustachio
  4796 | D:6      | Reached XP level 8. HP: 8/70 MP: 7/7
  5036 | D:6      | Found a hide-covered altar of Uskayaw.
  5060 | D:6      | Noticed a cyclops
  5243 | D:6      | Found a glowing golden altar of the Shining One.
  5388 | D:6      | Reached **** piety under Trog
  5401 | D:6      | Noticed Edmund
  5417 | D:6      | Killed Edmund
  5418 | D:6      | Reached skill level 8 in Long Blades
  5679 | D:6      | Reached skill level 9 in Long Blades
  5769 | D:6      | Noticed a deep elf zephyrmancer
  5780 | D:6      | Killed a deep elf zephyrmancer
  5781 | D:6      | Reached XP level 9. HP: 10/79 MP: 8/8
  6016 | D:6      | Killed a cyclops
  6017 | D:6      | Reached skill level 10 in Long Blades
  6017 | D:6      | Reached skill level 1 in Stealth
  6331 | D:7      | Noticed Menkaure
  6333 | D:7      | Killed Menkaure
  6572 | D:7      | Found Xyludwai's Tiny Tomes.
  6623 | D:7      | Demolished by an ogre

Illustrated notes

Levels and vault maps discovered:
D:1:      roderic_octagonal_star, layout_loops_cross
D:2:      layout_basic, minmay_goblin_kobold_house, uniq_jessica
D:3:      layout_loops_ring, grunt_temple_overflow_bloody_war, serial_glass,
          glass_columns_c, glass_columns_b, glass_columns_a, glass_columns_a,
          glass_columns_a, glass_columns_c, glass_columns_a, glass_columns_c,
          glass_columns_a, glass_columns_c
D:4:      layout_loops_corners, mainiacjoe_overflow_cross_hatched,
          gammafunk_temple_overflow_elements, portal_sewer_entry_d,
          minmay_misc_feat_x, minmay_misc_feat_four_crosses
D:5:      layout_gridville, minmay_temple_entry_trees, serial_glass,
          glass_columns_c, glass_columns_a, hangedman_decor_opposing,
          minmay_large_rounded_square
D:6:      layout_gridville, lemuel_coloured_pillars_altar,
          mainiacjoe_overflow_paths, guppyfry_early_elven_hall, uniq_edmund,
          uniq_eustachio
D:7:      layout_rooms, mainiacjoe_overflow_big_doors, serial_demonic,
          serial_demonic_a, serial_demonic_g, serial_demonic_d,
          serial_demonic_a, serial_demonic_f, serial_demonic_e,
          nicolae_shop_i_like_small_books_too, uniq_menkaure

Skill      XL: |  1  2  3  4  5  6  7  8  9 |
---------------+----------------------------+-----
Fighting       | 4 5 6 7 8 |  8.2
Long Blades    | 4 5 6 7 9 10 | 10.6
Dodging        | 3 4 |  4.8
Armour         | 3 4 6 7 8 |  8.9
Stealth        | 1 |  1.0

Action                     |  1- 3 |  4- 6 |  7- 9 || total
---------------------------+-------+-------+-------++-------
  Melee: Falchion          |    72 |   188 |       ||   260
         Headbutt          |    11 |    35 |    38 ||    84
         Long sword        |       |     2 |   189 ||   191
         Punch             |       |       |     4 ||     4
    Use: Potion            |       |       |     2 ||     2
   Stab: Sleeping          |     3 |       |       ||     3
 Armour: Animal skin       |     9 |    10 |       ||    19
         Ring mail         |       |    16 |       ||    16
         Chain mail        |       |    66 |   118 ||   184
  Dodge: Dodged            |    52 |   134 |   126 ||   312

Table legend: (Time is in decaauts)
 A = Elapsed time spent in this place.
 B = Non-inter-level travel time spent in this place.
 C = Inter-level travel time spent in this place.
 D = Time resting spent in this place.
 E = Time spent auto-exploring this place.
 F = Levels seen in this place.
 G = Mean time per level.
                   A        B        C        D        E       F      G
               +--------+--------+--------+--------+--------+-----+--------+
         Total |   6653 |   1521 |   5132 |      0 |     80 |   8 |  831.6 |
       Dungeon |   6358 |   1226 |   5132 |      0 |     80 |   7 |  908.3 |
         Sewer |    294 |    294 |      0 |      0 |      0 |   1 |  294.0 |
               +--------+--------+--------+--------+--------+-----+--------+

Top non-repeatable levels by time:
     D:6: 1643 daAuts
     D:4: 1154 daAuts
     D:5: 888 daAuts
     D:2: 850 daAuts
     D:3: 798 daAuts
     D:1: 739 daAuts
   Sewer: 294 daAuts
     D:7: 284 daAuts
